 Dungeon Crawl Stone Soup version 0.17.1-2-g5865329 (webtiles) character file.

17259 Mysteryquy the Grappler (level 12, -13/101 HPs)
             Began as a Green Draconian Transmuter on Feb 10, 2016.
             Was a High Priest of Makhleb.
             Mangled by Maud
             ... wielding a +3 halberd of flaming
              (16 damage)
             ... on level 4 of the Lair of Beasts on Feb 11, 2016.
             The game lasted 00:45:13 (15132 turns).

Mysteryquy the Grappler (DrTm)                     Turns: 15132, Time: 00:45:14

Health: -13/101    AC:  2    Str: 15    XL:     12   Next: 17%
Magic:  21/21      EV: 30    Int: 14    God:    Makhleb [*****.]
Gold:   804        SH:  0    Dex: 19    Spells: 3 memorised, 14 levels left

rFire  + . .     SeeInvis .       - Unarmed
rCold  . . .     Clarity  .     (armour unavailable)
rNeg   . . .     SustAt   .     (shield currently unavailable)
rPois  x         Gourm    .     (helmet currently unavailable)
rElec  .         Spirit   .     (cloak currently unavailable)
rCorr  .         Warding  .     (gloves currently unavailable)
rMut   .         Stasis   .     (boots currently unavailable)
MR     +....                    (no amulet)
Stlth  ++........               y - ring of protection from fire
                                n - ring of protection from magic

@: spider-form, somewhat resistant to hostile enchantments, unstealthy
A: (breathe noxious fumes), unfitting armour, (poison resistance),
(cold-blooded), AC +8
a: End Transformation, Minor Destruction, Lesser Servant of Makhleb, Major
Destruction, Greater Servant of Makhleb, Renounce Religion


You were on level 4 of the Lair of Beasts.
You worshipped Makhleb.
Makhleb was extremely pleased with you.
You were not hungry.
You were a venomous arachnid creature.
You visited 3 branches of the dungeon, and saw 14 of its levels.

You collected 804 gold pieces.

Inventory:

Missiles
 A - 17 arrows
Armour
 a - a +2 cloak (melded)
 o - a +1 hat (melded)
 r - a +2 pair of boots of stealth (melded)
Jewellery
 m - an uncursed ring of teleportation
 n - a ring of protection from magic (left front leg)
 s - an uncursed ring of protection from magic
 y - a ring of protection from fire (right front leg)
 B - an uncursed ring of protection from fire
 D - an uncursed ring of stealth
 F - an uncursed ring of protection from fire
Wands
 d - a wand of lightning (10)
 f - a wand of random effects (24)
 v - a wand of digging (21)
 w - a wand of digging (11)
 C - a wand of draining (7)
 E - a wand of draining (13)
 J - a wand of hasting (2)
Scrolls
 e - 3 scrolls of recharging
 g - 9 scrolls of identify
 h - 4 scrolls of amnesia
 i - 7 scrolls of teleportation
 l - 6 scrolls of remove curse
 p - 2 scrolls of immolation
 q - 3 scrolls of magic mapping
Potions
 j - a potion of brilliance
 u - a potion of agility
 x - 2 potions of magic {unknown}
 z - a potion of heal wounds
 H - a potion of resistance
Books
 b - a book of Changes

   Spells                             Type                      Level
   a - Beastly Appendage              Transmutation                1
   b - Sticks to Snakes               Transmutation                2
   c - Spider Form                    Transmutation/Poison         3
   d - Ice Form                       Ice/Transmutation            4
   e - Blade Hands                    Transmutation                5
Comestibles
 c - 8 bread rations
 k - 3 chunks of flesh
 t - a slice of pizza


   Skills:
 + Level 8.0 Fighting
 + Level 9.7 Dodging
 + Level 11.8 Unarmed Combat
 + Level 6.0 Spellcasting
 + Level 6.7 Transmutations
 - Level 7.0 Poison Magic


You had 14 spell levels left.
You knew the following spells:

 Your Spells              Type           Power        Failure   Level  Hunger
a - Beastly Appendage     Trmt           ###...       4%          1    None
b - Spider Form           Trmt/Pois      ###.......   12%         3    ###....
c - Blade Hands           Trmt           ###.......   52%         5    ######.


Dungeon Overview and Level Annotations

Branches:
Dungeon (9/15)             Temple (1/1) D:5            Lair (4/8) D:8
  Swamp: Lair:3-6    Shoals: Lair:3-6     Snake: Lair:3-6    Spider: Lair:3-6
    Orc: D:9-12

Altars:
Ashenzari
Dithmenos
Elyvilon
Fedhas
Gozag
Kikubaaqudgha
Makhleb
Nemelex Xobeh
Okawaru
Qazlal
Ru
Sif Muna
Trog
Vehumet
Xom
Yredelemnul
Zin
The Shining One

Annotations:
Lair:4 Maud


Innate Abilities, Weirdness & Mutations

((You can breathe blasts of noxious fumes.))
((Your lurid green scales are hard (AC +8).))
Your body does not fit into most forms of armour.
((Your system is resistant to poisons.))
((You are cold-blooded and may be slowed by cold attacks.))


Message History

You bite Maud!
Maud looks even sicker.
Maud is lightly wounded.
You hit Maud but do no damage.
Maud is lightly wounded.
Maud hits you with a halberd of flaming!!
Maud burns you.
You hit Maud but do no damage.
Maud is lightly wounded.
Maud barely misses you.
You bite Maud!
Maud is moderately wounded.
You barely miss Maud.
Maud is moderately wounded.
Maud hits you with a halberd of flaming!!!
* * * LOW HITPOINT WARNING * * *
Maud burns you!
* * * LOW HITPOINT WARNING * * *
Maud completely misses you.
Maud hits you with a halberd of flaming!
You die...

#...........................
#P........###....#####..#...
##.......#.#.#....# #..##>.
#...............## #..##..
##..........#.....## ...##..
#................... ......
#P.................. #.P#..
#........#<......... ......
##.......##s.#....# ......
##..#.#.#@#.P...## ......
#...............# ......
#...............# #.....
#.....#.PP#P#...# ......
#..P##.######..... ##.....#
...... ##....# ...P## ......
....


You could see Maud.

Vanquished Creatures
  A griffon (Lair:4)
  6 elephants
  5 black mambas
  3 spiny frogs
  4 komodo dragons
  A troll (D:9)
  3 blink frogs (Lair:4)
  Grinder (D:6)
  21 yaks
  3 fire bats (Lair:2)
  A human (D:7)
  5 hippogriffs
  2 hungry ghosts
  The ghost of TugoseryaHuesosov the Changer, an amateur OpTm (D:3)
  3 wolves
  3 orc warriors
  A phantom (D:8)
  4 water moccasins
  2 black bears
  4 porcupines
  7 ice beasts (Lair:3)
  A centaur (D:8)
  7 crocodiles
  5 ogres
  A big kobold (D:8)
  A wyvern skeleton (D:7)
  2 scorpions
  12 giant frogs
  A wight (D:8)
  2 hounds
  4 crimson imps
  A centaur skeleton (D:7)
  4 iguanas
  6 orc priests
  3 jellies
  6 orc wizards
  5 worker ants
  11 sheep
  A hound zombie (D:7)
  2 hound skeletons
  14 river rats
  5 adders
  3 white imps (Lair:3)
  An adder skeleton (D:4)
  2 worms
  6 giant geckos
  18 orcs
  3 ball pythons
  7 bats
  11 giant cockroaches
  4 hobgoblins
  12 jackals
  18 kobolds
  6 quokkas
  A giant gecko zombie (D:8)
  16 giant newts
  10 goblins
  A jackal zombie (D:7)
  A quokka zombie (D:6)
  8 rats
  4 fungi (D:8)
307 creatures vanquished.

Vanquished Creatures (others)
  3 fungi (Lair:2)
  A plant (D:8)
4 creatures vanquished.

Grand Total: 311 creatures vanquished

Notes
Turn   | Place    | Note
--------------------------------------------------------------
     0 | D:1      | Mysteryquy the Draconian Transmuter began the quest for the Orb.
     0 | D:1      | Reached XP level 1. HP: 16/16 MP: 3/3
   465 | D:1      | Reached XP level 2. HP: 20/23 MP: 5/5
   603 | D:2      | Found a sacrificial altar of Ru.
  1021 | D:2      | Found a faded altar to an unknown god.
  1223 | D:2      | Reached XP level 3. HP: 14/28 MP: 6/6
  1521 | D:2      | Found a sparkling altar of Nemelex Xobeh.
  2098 | D:3      | Reached XP level 4. HP: 33/35 MP: 7/7
  2367 | D:3      | Reached skill level 4 in Unarmed Combat
  2653 | D:3      | Noticed TugoseryaHuesosov's ghost (amateur OpTm)
  2713 | D:3      | Killed TugoseryaHuesosov's ghost
  2713 | D:3      | Reached XP level 5. HP: 26/41 MP: 6/8
  3045 | D:4      | Noticed an ogre
  3329 | D:4      | Found a glowing silver altar of Zin.
  3350 | D:4      | Reached XP level 6. HP: 50/50 MP: 7/9
  3437 | D:4      | Noticed an ogre
  3443 | D:4      | Killed an ogre
  3826 | D:4      | Reached skill level 5 in Unarmed Combat
  4108 | D:4      | Killed an ogre
  4108 | D:4      | Your scales start taking on a lurid green colour.
  4108 | D:4      | Gained mutation: Your system is resistant to poisons. [Green Draconian growth]
  4108 | D:4      | Reached XP level 7. HP: 23/57 MP: 8/10
  4361 | D:4      | Learned a level 3 spell: Spider Form
  4470 | D:5      | Entered Level 5 of the Dungeon
  4830 | D:5      | Reached skill level 1 in Poison Magic
  5367 | D:5      | Found a staircase to the Ecumenical Temple.
  5376 | Temple   | Entered the Ecumenical Temple
  5436 | Temple   | Became a worshipper of Makhleb the Destroyer
  5606 | D:6      | Noticed Grinder
  5670 | D:6      | Paralysed by Grinder for 7 turns
  5939 | D:6      | Killed Grinder
  6061 | D:6      | Reached skill level 6 in Unarmed Combat
  6073 | D:6      | Found an iron altar of Okawaru.
  6210 | D:6      | Reached XP level 8. HP: 57/63 MP: 10/12
  6443 | D:6      | Reached * piety under Makhleb
  6503 | D:6      | Found a deep blue altar of Sif Muna.
  6875 | D:7      | Reached skill level 7 in Unarmed Combat
  7162 | D:7      | Reached skill level 5 in Poison Magic
  7372 | D:7      | Reached XP level 9. HP: 67/70 MP: 12/15
  7395 | D:7      | Reached skill level 8 in Unarmed Combat
  7539 | D:7      | Reached ** piety under Makhleb
  7580 | D:7      | Found a bloodstained altar of Trog.
  7939 | D:8      | Found a glowing golden altar of the Shining One.
  8038 | D:8      | Found a sacrificial altar of Ru.
  8058 | D:8      | Found a shattered altar of Ashenzari.
  8229 | D:8      | Found a staircase to the Lair.
  8400 | D:8      | Reached *** piety under Makhleb
  8400 | D:8      | Reached skill level 9 in Unarmed Combat
  8400 | D:8      | Reached skill level 5 in Transmutations
  8760 | D:9      | Reached skill level 5 in Dodging
  9060 | D:8      | Reached skill level 5 in Spellcasting
  9087 | D:8      | Reached XP level 10. HP: 77/77 MP: 13/17
  9131 | Lair:1   | Entered Level 1 of the Lair of Beasts
  9456 | Lair:1   | HP: 3/78 [poisoned by a spiny frog]
  9765 | Lair:1   | Learned a level 5 spell: Blade Hands
 10021 | Lair:1   | Reached skill level 10 in Unarmed Combat
 10495 | Lair:1   | Reached **** piety under Makhleb
 10893 | Lair:2   | Noticed an elephant
 10893 | Lair:2   | Noticed an elephant
 10897 | Lair:2   | Noticed an elephant
 10897 | Lair:2   | Noticed an elephant
 10907 | Lair:2   | Noticed an elephant
 10908 | Lair:2   | Noticed an elephant
 10929 | Lair:1   | Killed an elephant
 10929 | Lair:1   | Reached skill level 5 in Fighting
 11007 | Lair:2   | Killed an elephant
 11068 | Lair:2   | Killed an elephant
 11068 | Lair:2   | Reached XP level 11. HP: 24/88 MP: 19/19
 11215 | Lair:2   | Killed an elephant
 11763 | Lair:2   | Noticed a black mamba
 11785 | Lair:2   | Killed a black mamba
 12542 | Lair:2   | Killed an elephant
 12921 | Lair:3   | Reached ***** piety under Makhleb
 12937 | Lair:3   | Reached skill level 11 in Unarmed Combat
 13070 | Lair:3   | Found a labyrinth entrance.
 14062 | Lair:3   | Noticed an ice dragon
 14173 | Lair:4   | Noticed Maud
 14549 | Lair:4   | Reached XP level 12. HP: 36/101 MP: 20/20
 14893 | Lair:4   | Killed an elephant
 14908 | Lair:4   | Noticed a seven-headed hydra
 15128 | Lair:4   | HP: 2/101 [Maud/halberd of flaming (8)]
 15132 | Lair:4   | Mangled by Maud

Action                   |  1- 3 |  4- 6 |  7- 9 | 10-12 || total
-------------------------+-------+-------+-------+-------++-------
Melee: Unarmed           |   189 |   198 |   499 |   714 ||  1600
 Cast: Beastly Appendage |     4 |    12 |     7 |       ||    23
       Spider Form       |       |       |    26 |    24 ||    50
       Blade Hands       |       |       |       |     2 ||     2
 Abil: Breathe Noxious F |       |       |     4 |     2 ||     6
  Use: Scroll            |     4 |     2 |     5 |     5 ||    16
       Potion            |     5 |       |     2 |     2 ||     9
 Stab: Sleeping          |     2 |     6 |     6 |     3 ||    17
       Confused          |       |       |     1 |     2 ||     3
  Eat: Chunk             |     4 |     7 |    18 |    17 ||    46
       Bread ration      |       |       |     1 |     1 ||     2
       Beef jerky        |       |       |       |     1 ||     1
